Siika, chaotic male orcish Barbarian --- |..--- |....| ---.%--- --.I.|--- -- |...--... ---.---- | -........... |......(. ---.| .....................- --.|.| ........|.............. |.<..| ......--- -............------- --...| ---.|..| |..................-- --.--- .|--- -- |..........---*.---..-- -- ---........` |........| |........- --..|....- --.......- -----.....| ---.--.. ----..| -- --.- --- --- Siika the Pillager Experience level: 5 Strength: 17 Dexterity: 18 Constitution: 16 Intelligence: 8 Wisdom: 8 Charisma: 8 Health: 0(41) Energy: 12(12) Def: 8 Gold: 231 Moves: 1646 Dungeon seed: IhSqC9xXZ5k0lBDQ Game ID: Siika_1612480799 Your Inventory: Coins $ - 231 gold pieces Weapons a - a +0 two-handed sword (weapon in hands) d - 10 +0 darts Armor n - an uncursed +1 scale mail (being worn) q - a cursed +0 orcish helm (being worn) z - an uncursed +0 dwarvish cloak (being worn) N - an uncursed +0 pair of iron shoes (being worn) Comestibles c - 4 uncursed food rations Scrolls f - an uncursed scroll of enchant weapon Spells and supernatural/magical abilities: Name Level Category Fail Memory W - pray for help -- divine ? -- Your skills at the end: Fighting Skills bare handed combat [Basic] Weapon Skills axe [Basic] two-handed sword [Basic] Spellcasting Skills Final Attributes: You were piously aligned. You were poison resistant. You saw invisible. You had infravision. You are dead. Vanquished creatures: 3 gnome lords a gnomish wizard a kobold mummy a gray ooze 2 dwarves a kobold shaman an iguana 3 hobbits 4 manes 3 giant rats 3 cave spiders 10 gnomes a fox a kobold 2 goblins a sewer rat 5 grid bugs a kobold zombie 4 newts 48 creatures vanquished. Voluntary challenges: You were an atheist. You used a wielded weapon 56 times, starting on turn 32. You read items or engraved 1 time, starting on turn 1609. You never genocided any monsters. You never polymorphed an object. You never changed form. You used no wishes. You never split a pudding. You never wrote Elbereth's name. You violated your moral code, losing 20 points of alignment, starting on turn 378. Dungeon overview: The Dungeons of Doom: levels 1 to 3 Level 1 a fountain a long staircase Level 2 a sink Level 3 a fountain stairs to The Gnomish Mines The Gnomish Mines: levels 4 to 5 Level 4 stairs to The Dungeons of Doom Level 5 <- You were here History has recorded: On T:1 you entered the Dungeons of Doom to retrieve the Amulet of Yendor! On T:129 you reached level 2 of The Dungeons of Doom. On T:387 you advanced to experience level 2. On T:619 you reached level 3 of The Dungeons of Doom. On T:908 you reached level 1 of The Gnomish Mines. On T:929 you advanced to experience level 3. On T:1010 you advanced to experience level 4. On T:1043 you advanced to experience level 5. On T:1542 you reached level 2 of The Gnomish Mines. Score breakdown: Gold: 231 ( 8046 points) Experience: 5 levels (11141 points) Exploration: 5 levels ( 11.11%) ( 9045 points) Discoveries: 3 items ( 1.22%) ( 3312 points) Valuables value: (no points given unless you survive) Artifact value: 0 ( 0 points) Variety of kills: 19 monsters ( 4.99%) ( 6699 points) Turncount: 1646 turns ( 0 points) Survival: died (score multiplied by 80%) Total score: 30594 Latest messages: You smite the dwarf. The dwarf thrusts her dwarvish short sword. The dwarf hits! You miss the dwarf. (2x) The dwarf thrusts her dwarvish short sword. The dwarf hits! This tastes like slime mold juice. (You can name an effervescent potion from the item naming menu.) As you read the scroll, it disappears. A cloud of gas puts you to sleep! You wake up. A cloud of gas puts you to sleep! It hits! You wake up. The gnome suddenly falls asleep! You kill the gnome! There are a few objects here. A cloud of gas puts you to sleep! It hits! (2x) You die... Final status: Goodbye Siika the Barbarian, killed by a dwarf, while sleeping... You died in The Gnomish Mines on dungeon level 5 with 30594 points, and 231 pieces of gold, after 1646 moves. You were level 5 with a maximum of 41 hit points when you died.